 Dungeon Crawl Stone Soup version 0.28.0-53-g5a82cb258f (webtiles) character file.

Game seed: 15723073572943593392

55 fingers the Cudgeller (level 3, -2/29 (33) HPs)
             Began as a Draconian Berserker on May 20, 2022.
             Was a Follower of Trog.
             Slain by a wight
             ... wielding a +0 trident
              (7 damage)
             ... on level 3 of the Dungeon.
             The game lasted 00:05:49 (1292 turns).

fingers the Cudgeller (Draconian Berserker)         Turns: 1292, Time: 00:05:50

HP:   -2/29 (33)    AC:  5    Str: 21    XL:     3   Next: 67%
MP:   3/3           EV: 12    Int:  7    God:    Trog [*.....]
Gold: 31            SH:  0    Dex: 10    Spells: 2/2 levels left

rFire   . . .      SeeInvis .   b - +0 falchion
rCold   + . .      Faith    .   (no shield)
rNeg    . . .      Spirit   .   (armour unavailable)
rPois   .          Reflect  .   (helmet restricted)
rElec   .          Harm     .   (no cloak)
rCorr   .          Rampage  .   (no gloves)
Will    .....                   (no boots)
Stlth   +.........              (no amulet)
HPRegen 0.09/turn               e - ring of protection from cold
MPRegen 0.08/turn               (no ring)

@: heavily drained
A: AC +5, unfitting armour, cold-blooded
a: Renounce Religion, Berserk


You were on level 3 of the Dungeon.
You worshipped Trog.
Trog was aware of your devotion.
You visited 1 branch of the dungeon, and saw 3 of its levels.

You collected 31 gold pieces.

Inventory:

Hand Weapons
 a - a +0 mace
 b - a +0 falchion (weapon)
 f - a +0 whip
Missiles
 c - 5 poisoned darts (quivered)
Magical Staves
 d - a staff of conjuration
Jewellery
 e - a ring of protection from cold (left hand)
Scrolls
 g - a scroll of blinking {unknown}


   Skills:
 + Level 3.7 Fighting
 + Level 3.8 Maces & Flails
 + Level 0.7 Throwing
 + Level 3.1 Dodging


You had 2 spell levels left.
You didn't know any spells.
Your spell library was empty.

Dungeon Overview and Level Annotations

Branches:
Dungeon (3/15)

Altars:
Okawaru

Annotations:
D:3 Ijyb


Innate Abilities, Weirdness & Mutations

Your plain brown scales are hard. (AC +5)
You cannot fit into any form of body armour.
You are cold-blooded and may be slowed by cold attacks.


Message History

The hobgoblin hits you.
Ijyb screams, "It's all mine!"
The goblin hits you with a +0 club. The hobgoblin misses you.
You see here a giant cockroach corpse.
A wight comes into view. It is wielding a +0 battleaxe.
A wight comes into view. It is wielding a +0 trident.
The hobgoblin completely misses you.
You throw a poisoned dart. The poisoned dart hits the hobgoblin.
The hobgoblin is moderately wounded.
An orc comes into view. It is wielding a +0 mace.
A goblin comes into view. It is wielding a +0 club.
A quokka comes into view.
Found 11 gold pieces.
The goblin shouts!
You hear a shout! x2
You throw a poisoned dart.
The poisoned dart barely misses the goblin.
The poisoned dart barely misses Ijyb.
The quokka twitches its whiskers.
Found an escape hatch in the floor.
An endoplasm comes into view.
Found a stone staircase leading down.
You closely miss the quokka. The quokka bites you.
The quokka closely misses you. The orc misses you.
The wight closely misses you.
The quokka bites you but does no damage.
The quokka bites you.
You throw a poisoned dart.
The poisoned dart barely misses the orc.
The poisoned dart hits the wight.
The orc barely misses you.
The wight hits you from afar with a +0 trident.
You feel drained. The quokka closely misses you. The quokka bites you.
The orc closely misses you.
The wight hits you from afar with a +0 trident!
* * * LOW HITPOINT WARNING * * *
You feel drained. The quokka barely misses you.
You closely miss the quokka. The orc hits you but does no damage.
The quokka bites you.
* * * LOW HITPOINT WARNING * * *
The wight hits you from afar with a +0 trident!
You die...

.##.##.......# #........
.............# #........
.............####........
.........(..(.z..........
######......zg...........
#....<..##..g.......
....###.######zgz.#.##
...$. ..... ##ogg...#
..#....###### #@r#...##
...... #..r#..#.# 8.8..
.........$....
###....#..J>..#
#.......#..##
#..###......# #...
......# >... ##.....


You could see Ijyb, 2 wights, an orc, an endoplasm, 2 quokkas, a hobgoblin and 2
goblins.

Vanquished Creatures
  4 adders (D:2)
  2 worms (D:2)
  A ball python (D:2)
  An endoplasm (D:1)
  A giant cockroach (D:3)
  A hobgoblin (D:2)
  4 bats
  A goblin (D:1)
  A kobold (D:2)
16 creatures vanquished.

Notes
Turn   | Place    | Note
-------+----------+-------------------------------------------
     0 | D:1      | fingers the Draconian Berserker began the quest for the
                  | Orb.
     0 | D:1      | Reached XP level 1. HP: 19/19 MP: 1/1
   538 | D:2      | Reached XP level 2. HP: 13/26 MP: 2/2
   951 | D:2      | Reached XP level 3. HP: 7/31 MP: 3/3
  1263 | D:3      | Found an iron altar of Okawaru.
  1266 | D:3      | Noticed Ijyb
  1292 | D:3      | Slain by a wight

Illustrated notes

Levels and vault maps discovered:
D:1:      matt_arrival_los_fun, layout_basic, minmay_misc_feat_iff
D:2:      layout_loops_corners
D:3:      layout_rooms, okawaru_gym_becter,
          dreamdust_ecumenical_altar_angels_and_demons, serial_glass,
          glass_columns_b, glass_columns_b, uniq_ijyb, uniq_crazy_yiuf_cottage

Skill      XL: |  1  2 |
---------------+-------+-----
Dodging        | 3 |  3.1
Fighting       | |  3.7
Maces & Flails | |  3.8
Throwing       | |  0.7

Action                   || total
-------------------------++-------
Melee: Mace              ||    39
       Tailslap          ||    11
       Punch             ||     1
       Whip              ||    19
       Falchion          ||    11
Throw: Dart              ||     6
 Stab: Sleeping          ||     1
Armor: Skin              ||    31
Dodge: Dodged            ||    61
